 Seeded DCSS version 0.25-a0-478-g33c61bd (webtiles) character file.

Game seed: 6182461587212440505, levelgen mode: deterministic

166 b5mith the Bolt Thrower (level 5, -2/41 HPs)
             Began as a Barachi Hunter on Feb 8, 2020.
             Slain by a gnoll
             ... wielding a +0 spear
              (5 damage)
             ... on level 3 of the Dungeon.
             The game lasted 00:05:10 (1833 turns).

b5mith the Bolt Thrower (Barachi Hunter)            Turns: 1833, Time: 00:05:13

Health: -2/41      AC:  8    Str: 14    XL:     5   Next: 47%
Magic:  5/5        EV:  6    Int: 12    God:
Gold:   107        SH:  0    Dex: 12    Spells: 4/4 levels left

rFire    . . .     SeeInvis .   a - +1 hand crossbow
rCold    . . .     Gourm    .   (no shield)
rNeg     . . .     Faith    .   n - +0 chain mail
rPois    .         Spirit   .   (no helmet)
rElec    .         Reflect  .   (no cloak)
rCorr    .         Harm     .   (no gloves)
MR       .....                  (no boots)
Stlth    ..........             (no amulet)
HPRegen  0.13/turn              (no ring)
MPRegen  0.09/turn              (no ring)

@: slow
A: +LOS, swims, slowness 1, strong legs 1
a: Hop


You were on level 3 of the Dungeon.
You were not hungry.

You visited 1 branch of the dungeon, and saw 3 of its levels.

You collected 107 gold pieces.

Inventory:

Hand Weapons
 a - a +1 hand crossbow (weapon)
 b - a +0 short sword
 m - a +0 falchion of electrocution
Missiles
 d - 41 bolts (quivered)
Armour
 c - a +0 leather armour
 n - a +0 chain mail (worn)
 o - a cursed +0 cloak
Scrolls
 g - 2 scrolls of enchant weapon {unknown}
 h - 5 scrolls of teleportation {unknown}
 l - a scroll of immolation {unknown}
 p - a scroll of identify {unknown}
 q - a scroll of magic mapping {unknown}
 r - a scroll of amnesia {unknown}
Potions
 e - 2 potions of agility {unknown}
 i - 2 potions of flight {unknown}
 j - a potion of lignification {unknown}
 k - a potion of heal wounds {unknown}
Comestibles
 f - 4 rations


   Skills:
 + Level 3.3 Fighting
 + Level 5.9 Crossbows
 + Level 0.8 Armour
 + Level 2.6 Dodging
 + Level 1.2 Stealth


You had 4 spell levels left.
You didn't know any spells.
Your spell library was empty.

Dungeon Overview and Level Annotations

Branches:
Dungeon (3/15)

Altars:
Ashenzari
Fedhas
Makhleb
Qazlal
Zin


Innate Abilities, Weirdness & Mutations

You can be seen from farther away. (+LOS)
You can swim through water.
You cover ground slowly.
You can hop short distances.


Message History

The gnoll hits you from afar with a +0 spear!
The gnoll hits you from afar with a +0 vorpal spear.
Firing (i - inventory)
d - 43 bolts (quivered)
Press: ? - help, Shift-Dir - straight line, f - gnoll
Aim: a gnoll You shoot a bolt.
The bolt hits the gnoll.
The gnoll is moderately wounded.
You hear a splash.
The gnoll hits you from afar with a +0 spear.
The gnoll barely misses you.
Firing (i - inventory)
d - 42 bolts (quivered)
Press: ? - help, Shift-Dir - straight line, f/p - gnoll
Aim: a gnoll (moderately wounded)
You shoot a bolt. The bolt barely misses the gnoll.
The gnoll hits you from afar with a +0 spear!
* * * LOW HITPOINT WARNING * * *
The gnoll hits you from afar with a +0 spear.
* * * LOW HITPOINT WARNING * * *
The gnoll hits you from afar with a +0 spear.
You die...

##+##.# ......# ....###.#
........# ....#####
....########################
.....gg...g...g(.....P.....#
....≈ggg≈g≈g≈≈g≈g≈≈≈≈≈≈....#
....≈≈g≈≈≈≈≈≈≈≈≈@≈≈≈≈≈≈....#
....≈≈≈≈g≈g≈g≈≈≈#####≈≈....#
..........O...gg#.g.#≈≈....#
''''#############...#≈≈....#
....# #+###≈≈P...# ....+
#.≈≈≈....# ....# #.≈≈≈....#
#''## #(≈≈≈....# O....
#.≈≈≈....#


You could see an ogre, a gnoll shaman and 10 gnolls.

Vanquished Creatures
  Terence (D:2)
  2 adders (D:2)
  6 gnolls
  An ooze (D:2)
  2 dart slugs
  A leopard gecko (D:1)
  6 orcs (D:3)
  4 goblins
  3 hobgoblins
  14 jackals (D:3)
  2 bats (D:2)
  2 frilled lizards (D:1)
  5 kobolds
  4 rats
53 creatures vanquished.

Notes
Turn   | Place    | Note
-------+----------+-------------------------------------------
     0 | D:1      | b5mith the Barachi Hunter began the quest for the Orb.
     0 | D:1      | Reached XP level 1. HP: 17/17 MP: 1/1
    77 | D:1      | Reached XP level 2. HP: 23/23 MP: 2/2
   949 | D:2      | Noticed Terence
   956 | D:2      | Killed Terence
   956 | D:2      | Reached skill level 5 in Crossbows
   956 | D:2      | Reached skill level 1 in Stealth
   956 | D:2      | Reached XP level 3. HP: 18/28 MP: 3/3
  1016 | D:2      | Reached XP level 4. HP: 27/34 MP: 4/4
  1218 | D:2      | Found a stormy altar of Qazlal.
  1222 | D:2      | Found a shattered altar of Ashenzari.
  1225 | D:2      | Found a glowing silver altar of Zin.
  1247 | D:2      | Found a blossoming altar of Fedhas.
  1251 | D:2      | Found a burning altar of Makhleb.
  1507 | D:3      | Reached XP level 5. HP: 41/41 MP: 5/5
  1808 | D:3      | Noticed an ogre
  1833 | D:3      | Slain by a gnoll

Levels and vault maps discovered:
D:1:      psy_arrival_whirlpool, layout_basic
D:2:      layout_basic, minmay_overflow_temple_star_hex, uniq_terence
D:3:      lemuel_castle_with_subvaults [lemuel_castle_interior_original],
          layout_basic

Skill      XL: |  1  2  3  4 |
---------------+-------------+-----
Crossbows      | 5 |  5.9
Stealth        | 1 |  1.2
Fighting       | 3 |  3.3
Armour         | |  0.8
Dodging        | |  2.6

Action                   |  1- 3 |  4- 6 || total
-------------------------+-------+-------++-------
 Fire: Hand crossbow     |    43 |    84 ||   127
  Eat: Ration            |     1 |       ||     1
Armor: Leather armour    |     2 |       ||     2
       Chain mail        |     2 |    40 ||    42
Dodge: Dodged            |     4 |    19 ||    23

Table legend:
 A = Non-vault XP
 B = Vault XP
 C = Vault XP percentage of total XP
 D = Non-vault monster count
 E = Vault monster count
 F = Vault count percentage of total count
                 A         B        C        D         E       F
            +---------+---------+-------+---------+---------+-------
      Total |     146 |      92 |  38.7 |      36 |      17 |  32.1
            +---------+---------+-------+---------+---------+-------
        D:1 |      21 |       0 |   0.0 |      12 |       0 |   0.0
        D:2 |     106 |      36 |  25.4 |      17 |       1 |   5.6
        D:3 |      19 |      56 |  74.7 |       7 |      16 |  69.6
            +---------+---------+-------+---------+---------+-------
